 Dungeon Crawl Stone Soup version 0.29-a0-994-gc5c9f59d18 (webtiles) character file.

Game seed: 8817080342380361798

40 Pooter the Trooper (level 3, 0/33 HPs)
             Began as a Minotaur Fighter on Aug 3, 2022.
             Slain by a goblin
             ... wielding a +0 club
             ... led by Robin
              (2 damage)
             ... on level 1 of the Dungeon.
             The game lasted 00:04:13 (782 turns).

Pooter the Trooper (Minotaur Fighter)                Turns: 782, Time: 00:04:14

Health: 0/33       AC:  9    Str: 22    XL:     3   Next: 30%
Magic:  2/2        EV:  7    Int:  5    God:
Gold:   60         SH:  4    Dex:  9    Spells: 2/2 levels left

rFire   . . .      SeeInvis .   a - +0 war axe
rCold   . . .      Faith    .   c - +0 buckler
rNeg    . . .      Spirit   .   g - +0 chain mail
rPois   .          Reflect  .   (helmet restricted)
rElec   .          Harm     .   (no cloak)
rCorr   .          Rampage  .   (no gloves)
Will    .....                   (no boots)
Stlth   ..........              (no amulet)
HPRegen 0.11/turn               (no ring)
MPRegen 0.08/turn               (no ring)

@: mighty
A: horns 2, retaliatory headbutt
a: no special abilities


You were on level 1 of the Dungeon.
You visited 1 branch of the dungeon, and saw 2 of its levels.

You collected 60 gold pieces.

Inventory:

Hand Weapons
 a - a +0 war axe (weapon)
Missiles
 Q - 6 stones (quivered)
Armour
 c - a +0 buckler (worn)
 g - a +0 chain mail (worn)
   (You found it on level 1 of the Dungeon)
Scrolls
 b - a scroll of identify {unknown}
 i - a scroll of immolation {!r}
 k - a scroll of silence {unknown}
Potions
 d - 2 potions of might
 e - a potion of brilliance {unknown}
 f - a potion of haste {unknown}
 h - a potion of attraction {unknown}


   Skills:
 + Level 4.1 Fighting
 * Level 3.7 Axes
 - Level 3.6 Armour
 + Level 1.1 Stealth
 - Level 3.6 Shields


You had 2 spell levels left.
You didn't know any spells.
Your spell library was empty.

Dungeon Overview and Level Annotations

Branches:
Dungeon (2/15)

Altars:


Innate Abilities, Weirdness & Mutations

You have a pair of horns on your head.
You reflexively headbutt those who attack you in melee.


Message History

The hobgoblin shouts!
The goblin shouts!
The goblin completely misses you.
Robin roars a battlecry!
The goblins go into a battle-frenzy!
You hear a shout!
The goblin attacks as you move away! The goblin barely misses you.
You furiously retaliate!
You headbutt the goblin.
A hobgoblin comes into view.
The goblin hits you but does no damage.
You see here a +0 club.
The goblin attacks as you move away! You block the goblin's attack.
The hobgoblin hits you. Robin throws the goblin at you!
The goblin hits you but does no damage.
You see here a +0 dagger.
You slash Robin!
You kill Robin!
You hit the goblin.
You kill the goblin!
You hit the hobgoblin but do no damage. You closely miss the goblin.
You slash the goblin!
You kill the goblin!
The hobgoblin barely misses you.
The goblin unwields a +0 club.
The goblin wields a +0 sling.
The goblin shoots a sling bullet.
The sling bullet barely misses you. The goblin hits you with a +0 club.
The goblin hits you from afar with a +0 spear.
The goblin closely misses you. You furiously retaliate!
You headbutt the goblin.
You kill the goblin!
The hobgoblin hits you.
The hobgoblin hits you but does no damage.
The goblin shoots a sling bullet.
The sling bullet hits you.
* * * LOW HITPOINT WARNING * * *
Your Stealth skill increases to level 1!
You have reached level 3!
Your experience leads to an increase in your attributes!
Increase (s)trength, (i)ntelligence, or (d)exterity?
You feel stronger. x2
The goblin hits you with a +0 spear!
* * * LOW HITPOINT WARNING * * *
The goblin hits you but does no damage.
There is an escape hatch in the ceiling here.
The goblin hits you with a +0 spear.
* * * LOW HITPOINT WARNING * * *
You block the goblin's attack. The hobgoblin barely misses you.
You furiously retaliate!
You headbutt the hobgoblin, but do no damage.
A mysterious force pulls you upwards. The hatch slams shut behind you.
You feel very mighty all of a sudden. The goblin barely misses you.
The goblin hits you with a +0 club.
You die...

#......# #...####
#...# ##...# #....##
#.....#
####.....##########
##gg................
#.g@................
#.g........#.#####..
#.###...#..#.# #..
#.# #...#..#.# ###
#.# #..^#..#.# #.#
##.....#.## #.#
#..#.....# #.#
##.#..#..# #.#
#.#..#..######


You could see 2 hobgoblins and 2 goblins.

Vanquished Creatures
  Robin (D:2)
  2 bats (D:1)
  An endoplasm (D:1)
  A giant cockroach (D:2)
  9 goblins
  A hobgoblin (D:1)
  A jackal (D:1)
  2 kobolds
  2 quokkas (D:1)
  2 ball pythons (D:1)
  4 frilled lizards
  2 rats (D:1)
28 creatures vanquished.

Notes
Turn   | Place    | Note
-------+----------+-------------------------------------------
     0 | D:1      | Pooter the Minotaur Fighter began the quest for the Orb.
     0 | D:1      | Reached XP level 1. HP: 19/19 MP: 0/0
   323 | D:1      | Reached XP level 2. HP: 27/27 MP: 1/1
   742 | D:2      | Reached skill level 4 in Fighting
   771 | D:2      | Noticed Robin
   778 | D:2      | Killed Robin
   779 | D:2      | Reached skill level 1 in Stealth
   779 | D:2      | Reached XP level 3. HP: 11/33 MP: 2/2
   782 | D:1      | Slain by a goblin

Illustrated notes

Levels and vault maps discovered:
D:1:      dpeg_arrival_pits, layout_loops_ring, minmay_cut_off
D:2:      minmay_chambers_of_twos, layout_basic,
          chequers_ecumenical_altar_twisty, amethyst_killhole,
          uniq_crazy_yiuf_cottage, uniq_robin

Skill      XL: |  1  2 |
---------------+-------+-----
Axes           | 3 |  3.7
Fighting       | 4 |  4.1
Stealth        | 1 |  1.1
Armour         | |  3.6
Shields        | |  3.6

Action                   || total
-------------------------++-------
Melee: War axe           ||    37
       Headbutt          ||     3
Throw: Javelin           ||     4
  Use: Scroll            ||     1
       Potion            ||     1
Armor: Chain mail        ||    21
Dodge: Dodged            ||    24
Block: Buckler           ||    12

Table legend: (Time is in decaauts)
 A = Elapsed time spent in this place.
 B = Non-inter-level travel time spent in this place.
 C = Inter-level travel time spent in this place.
 D = Time resting spent in this place.
 E = Time spent auto-exploring this place.
 F = Levels seen in this place.
 G = Mean time per level.
                   A        B        C        D        E       F      G
               +--------+--------+--------+--------+--------+-----+--------+
         Total |    797 |    781 |     16 |      0 |    609 |   2 |  398.5 |
       Dungeon |    797 |    781 |     16 |      0 |    609 |   2 |  398.5 |
               +--------+--------+--------+--------+--------+-----+--------+

Top non-repeatable levels by time:
     D:1: 723 daAuts
     D:2: 74 daAuts
